 Dungeon Crawl Stone Soup version 0.28-a0-653-g7e9dba17c3 (webtiles) character file.

Game seed: 15308472800200659373

11146 jasper the Carver (level 11, 0/84 HPs)
             Began as a Mummy Gladiator on Oct 11, 2021.
             Was a Priest of Wu Jian.
             Killed from afar by Maurice (13 damage)
             ... with a bolt of acid
             ... on level 10 of the Dungeon.
             The game lasted 00:27:52 (16354 turns).

jasper the Carver (Mummy Gladiator)                Turns: 16354, Time: 00:27:53

Health: 0/84       AC: 19    Str: 18    XL:     11   Next: 45%
Magic:  11/11      EV: 22    Int:  8    God:    Wu Jian [***...]
Gold:   983        SH:  0    Dex: 16    Spells: 10/10 levels left

rFire   . . .      SeeInvis .   t - +1 long sword (drain)
rCold   . . .      Faith    .   (no shield)
rNeg    + + +      Spirit   .   q - +0 plate armour
rPois   ∞          Reflect  .   c - +1 helmet
rElec   .          Harm     .   p - +2 cloak
rCorr   +          Rampage  .   x - +0 pair of gloves
Will    +....                   (no boots)
Stlth   ..........              r - amulet of the acrobat
HPRegen 0.24/turn               l - ring of fire
MPRegen 0.12/turn               i - ring of resist corrosion

@: acrobatic
A: cold resistance 1, negative energy resistance 3, torment resistance 2, heat
vulnerability 1, no potions
a: Renounce Religion, Wall Jump, Serpent's Lash


You were on level 10 of the Dungeon.
You worshipped Wu Jian.
Wu Jian was most pleased with you.
You visited 2 branches of the dungeon, and saw 11 of its levels.

You collected 983 gold pieces.

Inventory:

Hand Weapons
 a - a +0 rapier
 t - a +1 long sword of draining (weapon)
 v - a +0 scimitar
 y - a +1 rapier of distortion
 z - a +2 great sword of venom
Missiles
 d - 27 poisoned darts (quivered)
 h - 4 boomerangs
 m - 231 stones
 n - 3 javelins
Armour
 b - a +0 leather armour
 c - a +1 helmet (worn)
 f - a +0 scale mail
 g - a +0 chain mail
 k - +0 steam dragon scales
 p - a +2 cloak (worn)
 q - a +0 plate armour (worn)
 x - a +0 pair of gloves (worn)
Jewellery
 i - a ring of resist corrosion (right hand)
 l - a ring of fire (left hand)
 r - an amulet of the acrobat (around neck)
Scrolls
 e - 4 scrolls of identify
 j - 5 scrolls of magic mapping
 o - a scroll of holy word


   Skills:
 + Level 7.1 Fighting
 - Level 2.4(9.3) Short Blades
 - Level 13.8(14.0) Long Blades
 - Level 1.5 Throwing
 + Level 5.3 Armour
 + Level 4.4 Dodging
 + Level 5.5 Evocations


You had 10 spell levels left.
You didn't know any spells.
Your spell library contained the following spells:

 Spells                   Type           Power      Damage    Failure   Level
 Freeze                   Ice            0%         1d3       100%        1
 Summon Small Mammal      Summ           0%         N/A       100%        1
 Call Canine Familiar     Summ           0%         N/A       100%        3
 Frozen Ramparts          Ice            0%         1d2       100%        3
 Gell's Gravitas          Tloc           0%         N/A       100%        3
 Portal Projectile        Hex/Tloc       0%         N/A       100%        3
 Summon Guardian Golem    Hex/Summ       0%         N/A       100%        3
 Teleport Other           Tloc           0%         N/A       100%        3
 Hailstorm                Conj/Ice       0%         3d3       100%        4
 Excruciating Wounds      Necr           0%         N/A       100%        5
 Dispersal                Tloc           0%         N/A       100%        6
 Orb of Destruction       Conj           0%         N/A       100%        7
 Spellforged Servitor     Conj/Summ      0%         N/A       100%        7
 Blade Hands              Tmut           Unusable   N/A       N/A         5

Dungeon Overview and Level Annotations

Branches:
Dungeon (10/15)            Temple (1/1) D:4            Lair (0/6) D:9
    Orc: D:9-12

Altars:
Ashenzari
Elyvilon
Fedhas
Gozag
Nemelex Xobeh
Okawaru
Ru
Sif Muna
Trog
Wu Jian
Xom
Yredelemnul

Annotations:
D:6 exclusion: door
D:7 Harold
D:9 2 transporters, a11behringer's ghost, novice MiFi
D:10 Maurice


Innate Abilities, Weirdness & Mutations

You are immune to poison.
Your flesh is cold resistant. (rC+)
You are immune to negative energy. (rN+++)
You are immune to unholy pain and torment.
You are vulnerable to heat. (rF-)
You do not drink.


Message History

You hit the two-headed ogre.
The two-headed ogre is almost dead.
You barely miss the two-headed ogre.
The two-headed ogre is almost dead.
The two-headed ogre hits you with a +0 giant club.
* * * LOW HITPOINT WARNING * * *
The two-headed ogre hits you with a +0 giant club!
* * * LOW HITPOINT WARNING * * *
You take 11 damage, and have 16/83 hp.
You slash the two-headed ogre!
You kill the two-headed ogre!
The Council accepts your kill.
You hear a zap.
A bolt of acid appears from out of thin air!
The bolt of acid hits you! You resist.
* * * LOW HITPOINT WARNING * * *
Your Fighting skill increases to level 7!
You take 7 damage, and have 9/84 hp.
Okay, then.
You hear a zap.
A bolt of acid appears from out of thin air!
The bolt of acid misses you.
Blink to where?
Press: ? - help, Dir - move target
As you read the scroll of blinking, it crumbles to dust.
As you read the scroll of fog, it crumbles to dust.
The scroll dissolves into smoke.
Okay, then.
Blink to where?
Press: ? - help, Dir - move target
As you read the scroll of blinking, it crumbles to dust.
There is an open door here.
As you close the door, it creaks loudly!
You start resting.
Maurice the Thief opens the door.
He is wielding a +0 short sword and carrying a wand of acid (1).
You can't drink.
Unknown command.
Okay, then.
Maurice zaps a wand.
The bolt of acid hits you! You resist.
You die...

#...§§§§# #..##§§§#
#...§§§§######
#...§§§§#....#
#...§...#....#.#
#.....>.#....#.#
#.......#...##. #
#.......#...#.. #####
#.......#@..#.# #...#
#.......#...#.###..#...
#.......#'###......#..#
#.......@.....######..####
#..###....###.+...........
#..###....###.#...........
#.............#...<.......
#.............#...##+#####
#.......#######... #......


You could see Maurice.

Vanquished Creatures
  2 two-headed ogres
  3 death yaks
  A cyclops (D:8)
  Joseph (D:8)
  A gargoyle (D:8)
  Psyche (D:8)
  2 trolls
  A hornet (D:7)
  Prince Ribbit (D:8)
  A wraith (D:8)
  9 yaks (D:10)
  A basilisk (D:10)
  Eustachio (D:6)
  2 steam dragons (D:8)
  Menkaure (D:7)
  2 water moccasins
  4 orc warriors
  A hornet zombie (D:9)
  2 necrophages
  2 ogres
  4 centaurs
  2 kobold brigands
  4 bullfrogs
  A water moccasin zombie (D:6)
  9 killer bees (D:8)
  6 wights
  4 howler monkeys
  7 centaur zombies
  3 hounds
  5 orc priests
  3 jellies
  A centaur skeleton (D:6)
  5 iguanas
  3 orc wizards
  A killer bee zombie (D:5)
  A hound zombie (D:5)
  6 howler monkey zombies
  4 gnolls (D:7)
  11 adders
  2 river rats (D:9)
  2 shadow imps
  2 ufetubi
  An adder zombie (D:5)
  A worm (D:2)
  2 dart slugs (D:3)
  19 orcs
  12 ball pythons
  4 endoplasms
  2 giant cockroaches
  6 goblins
  4 hobgoblins
  4 jackals (D:3)
  7 quokkas
  3 bats
  3 frilled lizards (D:2)
  13 kobolds
  5 rats
211 creatures vanquished.

Vanquished Creatures (others)
  An orc wizard (D:7)
  A kobold (D:8)
2 creatures vanquished.

Grand Total: 213 creatures vanquished

Notes
Turn   | Place    | Note
-------+----------+-------------------------------------------
     0 | D:1      | jasper the Mummy Gladiator began the quest for the Orb.
     0 | D:1      | Reached XP level 1. HP: 16/16 MP: 1/1
   310 | D:1      | Reached skill level 1 in Long Blades
   890 | D:2      | Reached XP level 2. HP: 22/22 MP: 2/2
   943 | D:2      | Reached skill level 2 in Long Blades
  1566 | D:2      | Reached XP level 3. HP: 27/27 MP: 3/3
  2288 | D:2      | Reached skill level 3 in Long Blades
  2288 | D:2      | Reached XP level 4. HP: 31/33 MP: 4/4
  3600 | D:3      | Found an ornate altar of the Wu Jian Council.
  3807 | D:3      | Became a worshipper of the Wu Jian Council
  4014 | D:3      | Identified 2 scrolls of acquirement
  4014 | D:3      | Acquired 440 gold pieces
  4016 | D:3      | Acquired a manual of Long Blades
  4046 | D:4      | Noticed a necrophage
  4064 | D:3      | Reached skill level 4 in Long Blades
  4064 | D:3      | Reached XP level 5. HP: 37/38 MP: 5/5
  4093 | D:3      | Killed a necrophage
  4094 | D:3      | Reached skill level 5 in Long Blades
  4345 | D:3      | Reached XP level 6. HP: 33/44 MP: 6/6
  5351 | D:4      | Reached skill level 6 in Long Blades
  5359 | D:4      | Found a staircase to the Ecumenical Temple.
  5397 | Temple   | Entered the Ecumenical Temple
  5686 | D:4      | Found a shimmering altar of Xom.
  5687 | D:4      | Found a shimmering altar of Xom.
  5689 | D:4      | Found a shimmering altar of Xom.
  6194 | D:4      | Found an iron altar of Okawaru.
  6194 | D:4      | Found an opulent altar of Gozag.
  6194 | D:4      | Found a sacrificial altar of Ru.
  6310 | D:5      | Entered Level 5 of the Dungeon
  6802 | D:5      | Reached skill level 7 in Long Blades
  7416 | D:6      | Reached XP level 7. HP: 50/50 MP: 7/7
  7430 | D:6      | Reached skill level 8 in Long Blades
  7922 | D:5      | Reached skill level 9 in Long Blades
  8437 | D:6      | Reached XP level 8. HP: 48/57 MP: 8/8
  8491 | D:7      | Reached * piety under Wu Jian
  8510 | D:7      | Reached skill level 1 in Armour
  8510 | D:7      | Reached skill level 1 in Evocations
  9030 | D:7      | Noticed Menkaure
  9664 | D:8      | Noticed a troll
  9665 | D:8      | Noticed Joseph
  9848 | D:7      | Killed Menkaure
  9858 | D:7      | Reached XP level 9. HP: 44/66 MP: 9/9
 10177 | D:7      | Reached skill level 5 in Fighting
 10466 | D:7      | Noticed Harold
 10755 | D:6      | Reached skill level 10 in Long Blades
 10981 | D:6      | Noticed Eustachio
 10993 | D:6      | Killed Eustachio
 11098 | D:6      | Found a shimmering blue altar of Sif Muna.
 11465 | D:8      | Killed a troll
 11466 | D:8      | Reached skill level 11 in Long Blades
 11693 | D:8      | Killed Joseph
 11694 | D:8      | Reached skill level 12 in Long Blades
 11998 | D:8      | Noticed Prince Ribbit
 12015 | D:8      | Killed Prince Ribbit
 12051 | D:8      | Reached ** piety under Wu Jian
 12116 | D:8      | Noticed a gargoyle
 12120 | D:8      | Killed a gargoyle
 12121 | D:8      | Reached XP level 10. HP: 34/74 MP: 10/10
 12339 | D:8      | Noticed a cyclops
 12361 | D:8      | Killed a cyclops
 12362 | D:8      | Reached skill level 13 in Long Blades
 12618 | D:8      | Noticed Psyche
 12623 | D:8      | Killed Psyche
 12929 | D:9      | Noticed a tengu warrior
 12937 | D:9      | Noticed a two-headed ogre
 12938 | D:9      | Noticed a two-headed ogre
 12972 | D:9      | Noticed a death yak
 12977 | D:9      | Noticed a death yak
 12978 | D:9      | Noticed a death yak
 13075 | D:9      | Noticed a two-headed ogre
 13082 | D:8      | Killed a two-headed ogre
 13477 | D:9      | Found a transporter.
 13480 | D:9      | Found a transporter.
 13481 | D:9      | Found a bloodstained altar of Trog.
 13481 | D:9      | Noticed a11behringer's ghost (novice MiFi)
 13481 | D:9      | Noticed a two-headed ogre
 13519 | D:9      | Killed a death yak
 13549 | D:8      | Killed a death yak
 14083 | D:9      | Found a staircase to the Lair.
 14126 | D:9      | Noticed a moth of wrath
 14170 | D:9      | Killed a death yak
 14171 | D:9      | Reached XP level 11. HP: 51/81 MP: 11/11
 14574 | D:9      | Found a basalt altar of Yredelemnul.
 14679 | D:10     | Entered Level 10 of the Dungeon
 15298 | D:10     | Reached skill level 5 in Evocations
 15604 | D:10     | Reached *** piety under Wu Jian
 15689 | D:10     | Reached skill level 5 in Armour
 15885 | D:10     | Found a broken altar of Ashenzari.
 16309 | D:10     | Noticed Maurice
 16310 | D:10     | Noticed a two-headed ogre
 16336 | D:10     | Killed a two-headed ogre
 16354 | D:10     | Killed from afar by Maurice

Illustrated notes

Levels and vault maps discovered:
D:1:      lemuel_arrival_behind_the_door_small, layout_basic
D:2:      layout_loops_ring
D:3:      layout_rooms, nicolae_wu_jian_wuxing_cycle,
          mainiacjoe_overflow_concentric_impassable
D:4:      layout_rooms, chequers_temple_overflow_statue_of_worship,
          xom_redecorated, minmay_temple_entry_offerings
D:5:      layout_basic
D:6:      layout_rooms, led_sif_book, grunt_ministairs_3, uniq_eustachio
D:7:      minmay_thick_lines, layout_gridville, uniq_harold, uniq_menkaure
D:8:      layout_basic, minmay_misc_feat_room, uniq_psyche, uniq_joseph,
          uniq_prince_ribbit1
D:9:      layout_gridville, nicolae_yredelemnul_corpse_copse,
          dpeg_lair_monsters, gammafunk_ghost_wrathful_warriors
D:10:     layout_stronghold, cheibrodos_ashenzari_chains, uniq_maurice
Temple:   cyrus_circular_temple

Skill      XL: |  1  2  3  4  5  6  7  8  9 10 11 |
---------------+----------------------------------+-----
Long Blades    | 1 2 3 4 5 7 9 12 13 | 13.8
Armour         | 3 4 5 |  5.3
Evocations     | 3 4 5 |  5.5
Fighting       | 4 5 6 7 |  7.1
Dodging        | 3 4 |  4.4
Short Blades   | |  2.4
Throwing       | |  1.5

Action                   |  1- 3 |  4- 6 |  7- 9 | 10-12 || total
-------------------------+-------+-------+-------+-------++-------
Melee: Rapier            |   136 |   182 |   158 |       ||   476
       Long sword        |       |       |   247 |   339 ||   586
Throw: Dart              |       |    13 |    56 |    28 ||    97
       Throwing net      |       |     4 |       |       ||     4
       Stone             |       |    16 |       |       ||    16
       Boomerang         |       |    19 |     8 |       ||    27
Invok: Lunge             |       |     2 |    19 |    14 ||    35
       Whirlwind         |       |       |    22 |    16 ||    38
 Abil: Wall Jump         |       |       |       |     1 ||     1
Evoke: Wand              |       |       |     9 |    14 ||    23
  Use: Scroll            |       |    11 |     3 |     6 ||    20
Armor: Scale mail        |    55 |    74 |       |       ||   129
       Chain mail        |       |    18 |   231 |       ||   249
       Plate armour      |       |       |    91 |   179 ||   270
Dodge: Dodged            |    72 |    87 |   174 |   105 ||   438

Table legend: (Time is in decaauts)
 A = Elapsed time spent in this place.
 B = Non-inter-level travel time spent in this place.
 C = Inter-level travel time spent in this place.
 D = Time resting spent in this place.
 E = Time spent auto-exploring this place.
 F = Levels seen in this place.
 G = Mean time per level.
                   A        B        C        D        E       F      G
               +--------+--------+--------+--------+--------+-----+--------+
         Total |  16268 |  15537 |    731 |   6409 |   6185 |  11 | 1478.9 |
       Dungeon |  16057 |  15326 |    731 |   6202 |   6185 |  10 | 1605.7 |
        Temple |    211 |    211 |      0 |    207 |      0 |   1 |  211.0 |
               +--------+--------+--------+--------+--------+-----+--------+

Top non-repeatable levels by time:
     D:8: 2496 daAuts
     D:2: 2229 daAuts
     D:5: 1867 daAuts
     D:3: 1750 daAuts
    D:10: 1570 daAuts
     D:6: 1421 daAuts
     D:7: 1388 daAuts
     D:4: 1271 daAuts
     D:9: 1112 daAuts
     D:1: 950 daAuts
  Temple: 211 daAuts
